Match 46497073
Unlisted

Match 46497073
End
Selects Luftwaffe Battlegroup
Selects Luftwaffe Battlegroup
Selects Luftwaffe Pioneer Support
Fallschirmpioneer Squad Paradrop
Construct Infanterie Kompanie
MG 42 Machine Gun Team
Fallschirmpioneer Squad Paradrop
Fallschirmpioneer Squad Paradrop
Selects Stuka Strafing Run
Fallschirmpioneer Squad Paradrop
Stuka Strafing Run
Selects Fallschirmjäger Squad Paradrop
Fallschirmjäger Squad Paradrop
Construct Panzergrenadier Kompanie
Fallschirmjäger Squad Paradrop
Stuka Strafing Run
Construct Panzer Kompanie
Selects Flak 38 Anti-Air Emplacement
Panzer IV Medium Tank
Stuka Strafing Run
Selects Fragmentation Bombs
Fragmentation Bombs
Fallschirmjäger Squad Paradrop
mi prima de Cifuentes
Herogus3xD
干死日本鬼子
fervela99
RCXJPng
Alwaysapotato
Solarytad_
OP_Nice
0
0

Comments sign in to comment!

No comments posted yet!